[ AOE2 MATCH · #485254477 ]
UnrankedMagyars vs Bengalis
[ REPLAY ANALYSIS · EXTRACTED FROM THE RECORDED GAME ]
Feudal
10:22
Castle
14:17
Imperial
—
| APM avg | 26.7 |
| APM peak | 82 |
| eAPM avg | 14.9 |
| Villagers / military | 92 / 53 |
Focus
⚔️ 30.6% · 🌾 69.4%
Magyar Huszar ×47 · Petard ×4 · Monk ×2
Feudal
10:57
Castle
14:40
Imperial
27:04
| APM avg | 82.1 |
| APM peak | 144 |
| eAPM avg | 48.2 |
| Villagers / military | 104 / 28 |
Focus
⚔️ 62.2% · 🌾 37.8%
Ratha (Ranged) ×22 · Monk ×4 · Spearman ×2
Feudal
11:04
Castle
15:01
Imperial
—
| APM avg | 40.1 |
| APM peak | 133 |
| eAPM avg | 23.5 |
| Villagers / military | 137 / 54 |
Focus
⚔️ 40.1% · 🌾 59.9%
Archer ×31 · Spearman ×21 · Militia ×2
Feudal
12:26
Castle
16:21
Imperial
21:11
| APM avg | 35.4 |
| APM peak | 69 |
| eAPM avg | 19.7 |
| Villagers / military | 67 / 70 |
Focus
⚔️ 25.2% · 🌾 74.8%
Hand Cannoneer ×60 · Bombard Cannon ×9 · Monk ×1
Feudal
12:36
Castle
16:15
Imperial
—
| APM avg | 38.7 |
| APM peak | 94 |
| eAPM avg | 23.5 |
| Villagers / military | 65 / 42 |
Focus
⚔️ 13.5% · 🌾 86.5%
Spearman ×37 · Boyar ×5
Feudal
11:03
Castle
14:58
Imperial
—
| APM avg | 51.4 |
| APM peak | 175 |
| eAPM avg | 25.1 |
| Villagers / military | 88 / 52 |
Focus
⚔️ 27.0% · 🌾 73.0%
Knight ×40 · Scout Cavalry ×5 · Monk ×4 · Spearman ×3
Match map
Initial resources + every placement click. Lines = walls · curves = elevation contours. ◆ gold · ⬟ stone · ● berries · ✦ relic · ◌ wall gap
Your base· ✓ Closed at 14:17 · 0t walls · 2 gate(s)
El Cacas Vengador's base· ✓ Closed at 14:40 · 0t walls · 2 gate(s)
FERGA LARGA's base· ✓ Closed at 15:01 · 0t walls · 3 gate(s)
LMG_SON SABANDIJAS's base· ✓ Closed at 16:21 · 0t walls · 2 gate(s)
xPaaco15|'s base· ✓ Closed at 16:15 · 0t walls · 2 gate(s)
LMG_HERA DE TEMU's base· ✓ Closed at 14:58 · 0t walls · 3 gate(s)
Smoothed initial terrain · ◌ = detected wall gap · hover for details
Inputs per minute
— LMG_Leonardo - - El Cacas Vengador
Build order — LMG_Leonardo
First 150 of 235 actions detected
| 0:00 | Create | Villager (Male) |
| 0:01 | Create | Villager (Male) |
| 0:01 | Create | Villager (Male) |
| 0:01 | Create | Villager (Male) |
| 0:02 | Build | House |
| 0:04 | Build | House |
| 1:35 | Create | Villager (Male) |
| 1:35 | Create | Villager (Male) |
| 1:48 | Build | Lumber Camp |
| 2:02 | Create | Villager (Male) |
| 2:02 | Create | Villager (Male) |
| 2:04 | Create | Villager (Male) |
| 2:04 | Create | Villager (Male) |
| 2:43 | Create | Villager (Male) |
| 2:44 | Create | Villager (Male) |
| 3:04 | Create | Villager (Male) |
| 3:04 | Create | Villager (Male) |
| 3:42 | Create | Villager (Male) |
| 3:42 | Create | Villager (Male) |
| 3:48 | Build | House |
| 3:50 | Build | House |
| 4:29 | Build | House |
| 4:52 | Create | Villager (Male) |
| 4:52 | Create | Villager (Male) |
| 4:52 | Create | Villager (Male) |
| 4:55 | Build | Mill |
| 5:39 | Create | Villager (Male) |
| 5:39 | Create | Villager (Male) |
| 5:40 | Create | Villager (Male) |
| 5:40 | Create | Villager (Male) |
| 6:32 | Create | Villager (Male) |
| 6:32 | Create | Villager (Male) |
| 6:32 | Create | Villager (Male) |
| 7:25 | Build | Mining Camp |
| 8:02 | Research | Feudal Age |
| 8:33 | Create | Villager (Male) |
| 8:33 | Create | Villager (Male) |
| 10:22 | Age | Feudal Age |
| 10:24 | Build | Market |
| 10:26 | Build | Blacksmith |
| 10:39 | Build | Mining Camp |
| 11:08 | Research | Loom |
| 11:31 | Research | Castle Age |
| 11:31 | Research | Castle Age |
| 12:36 | Build | House |
| 12:38 | Build | House |
| 13:27 | Research | Double-Bit Axe |
| 13:27 | Research | Double-Bit Axe |
| 13:53 | Create | Villager (Male) |
| 13:53 | Create | Villager (Male) |
| 13:54 | Create | Villager (Male) |
| 14:12 | Build | House |
| 14:17 | Age | Castle Age |
| 14:20 | Build | Castle |
| 14:30 | Build | Farm |
| 14:31 | Build | Farm |
| 14:37 | Build | Monastery |
| 14:53 | Create | Villager (Male) |
| 14:58 | Build | Farm |
| 15:15 | Create | Villager (Male) |
| 15:15 | Create | Villager (Male) |
| 15:23 | Build | Farm |
| 15:27 | Build | Farm |
| 15:45 | Create | Villager (Male) |
| 15:45 | Create | Villager (Male) |
| 15:51 | Build | Farm |
| 16:06 | Create | Monk |
| 16:11 | Build | Farm |
| 16:21 | Build | Farm |
| 16:27 | Build | Farm |
| 16:30 | Create | Villager (Male) |
| 16:42 | Create | Monk |
| 16:45 | Create | Villager (Male) |
| 16:52 | Build | Farm |
| 17:16 | Create | Villager (Male) |
| 17:21 | Build | Farm |
| 17:33 | Build | Farm |
| 17:33 | Build | Farm |
| 17:39 | Create | Villager (Male) |
| 17:40 | Create | Magyar Huszar |
| 18:10 | Create | Villager (Male) |
| 18:10 | Create | Villager (Male) |
| 18:16 | Create | Magyar Huszar |
| 18:22 | Build | Farm |
| 18:22 | Build | Farm |
| 18:37 | Build | Barracks |
| 18:40 | Build | House |
| 19:05 | Create | Villager (Male) |
| 19:07 | Create | Magyar Huszar |
| 19:07 | Create | Magyar Huszar |
| 19:07 | Create | Magyar Huszar |
| 19:16 | Build | Farm |
| 19:16 | Build | Farm |
| 19:19 | Create | Magyar Huszar |
| 19:19 | Create | Magyar Huszar |
| 19:20 | Create | Magyar Huszar |
| 19:20 | Create | Magyar Huszar |
| 19:26 | Create | Villager (Male) |
| 19:26 | Create | Villager (Male) |
| 19:44 | Create | Villager (Male) |
| 19:45 | Create | Villager (Male) |
| 19:53 | Build | House |
| 20:19 | Create | Villager (Male) |
| 20:19 | Create | Villager (Male) |
| 20:20 | Create | Villager (Male) |
| 20:20 | Create | Villager (Male) |
| 20:44 | Create | Villager (Male) |
| 20:48 | Research | Scale Barding Armor |
| 20:55 | Build | Stable |
| 21:01 | Build | Lumber Camp |
| 21:02 | Create | Villager (Male) |
| 21:03 | Create | Villager (Male) |
| 21:09 | Build | Farm |
| 21:09 | Build | Farm |
| 21:38 | Create | Villager (Male) |
| 21:38 | Create | Villager (Male) |
| 21:38 | Create | Villager (Male) |
| 21:48 | Create | Villager (Male) |
| 21:48 | Create | Villager (Male) |
| 21:48 | Create | Villager (Male) |
| 21:49 | Create | Villager (Male) |
| 21:53 | Build | House |
| 22:18 | Create | Magyar Huszar |
| 22:18 | Create | Magyar Huszar |
| 22:18 | Create | Magyar Huszar |
| 22:28 | Build | Farm |
| 22:32 | Research | Bloodlines |
| 22:37 | Build | Town Center |
| 22:44 | Create | Magyar Huszar |
| 22:44 | Create | Magyar Huszar |
| 22:45 | Create | Magyar Huszar |
| 22:45 | Create | Magyar Huszar |
| 23:32 | Research | Chain Barding Armor |
| 23:38 | Create | Villager (Male) |
| 23:38 | Create | Villager (Male) |
| 23:50 | Build | Town Center |
| 23:59 | Create | Magyar Huszar |
| 23:59 | Create | Magyar Huszar |
| 23:59 | Create | Magyar Huszar |
| 24:00 | Create | Magyar Huszar |
| 24:00 | Create | Magyar Huszar |
| 24:00 | Create | Magyar Huszar |
| 24:28 | Research | Horse Collar |
| 24:30 | Create | Magyar Huszar |
| 24:31 | Create | Magyar Huszar |
| 24:31 | Create | Magyar Huszar |
| 24:31 | Create | Magyar Huszar |
| 24:38 | Create | Petard |
| 24:39 | Create | Petard |
| 25:02 | Create | Villager (Male) |
Build order — El Cacas Vengador
First 150 of 250 actions detected
| 0:01 | Create | Villager (Male) |
| 0:02 | Create | Villager (Male) |
| 0:02 | Build | House |
| 0:05 | Build | House |
| 0:15 | Create | Villager (Male) |
| 0:15 | Create | Villager (Male) |
| 1:35 | Create | Villager (Male) |
| 1:35 | Create | Villager (Male) |
| 2:01 | Create | Villager (Male) |
| 2:13 | Build | Lumber Camp |
| 2:25 | Create | Villager (Male) |
| 2:50 | Create | Villager (Male) |
| 3:07 | Create | Villager (Male) |
| 3:38 | Create | Villager (Male) |
| 3:39 | Create | Villager (Male) |
| 3:52 | Build | House |
| 3:53 | Build | House |
| 4:12 | Create | Villager (Male) |
| 4:33 | Create | Villager (Male) |
| 4:34 | Create | Villager (Male) |
| 4:34 | Create | Villager (Male) |
| 4:44 | Build | Mill |
| 5:13 | Create | Villager (Male) |
| 5:19 | Create | Villager (Male) |
| 5:46 | Create | Villager (Male) |
| 5:46 | Create | Villager (Male) |
| 5:55 | Create | Villager (Male) |
| 6:05 | Create | Villager (Male) |
| 6:24 | Create | Villager (Male) |
| 6:24 | Create | Villager (Male) |
| 6:42 | Create | Villager (Male) |
| 6:48 | Create | Villager (Male) |
| 6:48 | Create | Villager (Male) |
| 7:02 | Create | Villager (Male) |
| 7:02 | Create | Villager (Male) |
| 7:10 | Build | Mining Camp |
| 8:12 | Build | Mining Camp |
| 8:18 | Create | Villager (Male) |
| 8:36 | Research | Feudal Age |
| 8:37 | Research | Feudal Age |
| 8:37 | Research | Loom |
| 10:47 | Create | Villager (Male) |
| 10:57 | Age | Feudal Age |
| 10:59 | Build | Market |
| 11:05 | Build | Blacksmith |
| 11:27 | Research | Town Watch |
| 11:27 | Research | Town Watch |
| 11:37 | Build | House |
| 11:52 | Build | House |
| 12:00 | Research | Castle Age |
| 12:00 | Research | Castle Age |
| 13:18 | Build | Farm |
| 13:32 | Build | Farm |
| 13:39 | Build | Farm |
| 13:55 | Build | Farm |
| 14:05 | Build | Farm |
| 14:06 | Research | Double-Bit Axe |
| 14:06 | Research | Double-Bit Axe |
| 14:12 | Create | Villager (Male) |
| 14:35 | Build | Farm |
| 14:38 | Create | Villager (Male) |
| 14:40 | Age | Castle Age |
| 14:49 | Create | Villager (Male) |
| 14:52 | Build | Farm |
| 15:07 | Build | Castle |
| 15:19 | Build | Monastery |
| 15:22 | Create | Villager (Male) |
| 15:22 | Create | Villager (Male) |
| 15:30 | Create | Villager (Male) |
| 15:33 | Build | Farm |
| 15:43 | Build | House |
| 15:44 | Build | House |
| 15:53 | Build | Farm |
| 15:55 | Create | Villager (Male) |
| 16:09 | Create | Monk |
| 16:22 | Create | Villager (Male) |
| 16:25 | Build | Farm |
| 16:28 | Build | Farm |
| 16:48 | Create | Ratha (Ranged) |
| 16:48 | Create | Ratha (Ranged) |
| 16:48 | Create | Ratha (Ranged) |
| 16:49 | Create | Villager (Male) |
| 17:05 | Create | Villager (Male) |
| 17:05 | Create | Villager (Male) |
| 17:05 | Create | Villager (Male) |
| 17:14 | Create | Villager (Male) |
| 17:19 | Build | Farm |
| 17:21 | Build | Farm |
| 17:41 | Create | Villager (Male) |
| 17:47 | Create | Villager (Male) |
| 17:52 | Build | Farm |
| 18:02 | Build | Farm |
| 18:07 | Build | Lumber Camp |
| 18:09 | Create | Villager (Male) |
| 18:29 | Create | Villager (Male) |
| 18:30 | Create | Villager (Male) |
| 18:30 | Create | Villager (Male) |
| 18:31 | Create | Monk |
| 18:39 | Create | Villager (Male) |
| 18:43 | Build | Farm |
| 18:59 | Build | Farm |
| 19:01 | Build | Farm |
| 19:02 | Create | Villager (Male) |
| 19:12 | Build | House |
| 19:13 | Build | House |
| 19:13 | Build | House |
| 19:15 | Build | House |
| 19:15 | Build | House |
| 19:22 | Build | Farm |
| 19:27 | Create | Villager (Male) |
| 19:32 | Build | Farm |
| 19:41 | Create | Ratha (Ranged) |
| 19:41 | Create | Ratha (Ranged) |
| 19:41 | Create | Ratha (Ranged) |
| 19:43 | Create | Villager (Male) |
| 19:56 | Create | Villager (Male) |
| 19:56 | Create | Villager (Male) |
| 19:59 | Create | Monk |
| 19:59 | Create | Monk |
| 20:02 | Create | Villager (Male) |
| 20:11 | Build | Farm |
| 20:46 | Create | Villager (Male) |
| 20:51 | Build | Town Center |
| 21:18 | Create | Villager (Male) |
| 21:42 | Create | Villager (Male) |
| 21:44 | Create | Villager (Male) |
| 21:47 | Build | Town Center |
| 22:12 | Create | Villager (Male) |
| 22:32 | Research | Wheelbarrow |
| 22:32 | Research | Wheelbarrow |
| 22:32 | Research | Wheelbarrow |
| 22:33 | Create | Villager (Male) |
| 22:37 | Build | Monastery |
| 22:41 | Create | Villager (Male) |
| 22:44 | Create | Villager (Male) |
| 22:44 | Create | Villager (Male) |
| 22:58 | Create | Villager (Male) |
| 22:58 | Create | Villager (Male) |
| 23:04 | Build | Farm |
| 23:44 | Research | Imperial Age |
| 23:44 | Research | Imperial Age |
| 23:55 | Build | Farm |
| 23:55 | Build | Farm |
| 23:56 | Build | Farm |
| 24:13 | Create | Ratha (Ranged) |
| 24:14 | Create | Ratha (Ranged) |
| 24:17 | Research | Fletching |
| 24:23 | Build | Farm |
| 24:30 | Create | Villager (Male) |
| 24:30 | Create | Villager (Male) |
Build order — FERGA LARGA
First 150 of 296 actions detected
| 0:01 | Create | Villager (Male) |
| 0:01 | Create | Villager (Male) |
| 0:02 | Create | Villager (Male) |
| 0:03 | Build | House |
| 0:07 | Build | House |
| 0:09 | Build | House |
| 0:22 | Create | Villager (Male) |
| 0:22 | Create | Villager (Male) |
| 1:29 | Create | Villager (Male) |
| 1:29 | Create | Villager (Male) |
| 1:58 | Research | Loom |
| 1:59 | Research | Loom |
| 2:01 | Create | Villager (Male) |
| 2:01 | Create | Villager (Male) |
| 2:07 | Build | Lumber Camp |
| 2:29 | Create | Villager (Male) |
| 2:57 | Create | Villager (Male) |
| 2:57 | Create | Villager (Male) |
| 3:16 | Create | Villager (Male) |
| 3:16 | Create | Villager (Male) |
| 3:38 | Create | Villager (Male) |
| 3:38 | Create | Villager (Male) |
| 3:53 | Create | Villager (Male) |
| 3:54 | Create | Villager (Male) |
| 4:29 | Create | Villager (Male) |
| 4:30 | Create | Villager (Male) |
| 4:40 | Create | Villager (Male) |
| 4:40 | Create | Villager (Male) |
| 4:57 | Create | Villager (Male) |
| 4:57 | Create | Villager (Male) |
| 5:36 | Create | Villager (Male) |
| 5:59 | Create | Villager (Male) |
| 5:59 | Create | Villager (Male) |
| 6:00 | Create | Villager (Male) |
| 6:08 | Build | House |
| 6:12 | Create | Villager (Male) |
| 6:12 | Create | Villager (Male) |
| 6:49 | Build | House |
| 6:57 | Create | Villager (Male) |
| 7:18 | Build | Mill |
| 8:11 | Research | Feudal Age |
| 8:11 | Research | Feudal Age |
| 8:15 | Create | Villager (Male) |
| 8:16 | Research | Feudal Age |
| 9:00 | Build | Mining Camp |
| 9:09 | Build | Farm |
| 9:25 | Build | Farm |
| 9:31 | Build | Farm |
| 9:33 | Build | Farm |
| 9:47 | Build | Farm |
| 10:21 | Create | Villager (Male) |
| 10:22 | Create | Villager (Male) |
| 11:04 | Age | Feudal Age |
| 11:06 | Build | Blacksmith |
| 11:22 | Build | Market |
| 12:00 | Build | Farm |
| 12:21 | Research | Castle Age |
| 12:22 | Research | Castle Age |
| 13:08 | Research | Double-Bit Axe |
| 13:09 | Research | Double-Bit Axe |
| 13:10 | Research | Horse Collar |
| 13:10 | Research | Horse Collar |
| 14:05 | Build | Farm |
| 14:20 | Build | House |
| 14:21 | Build | House |
| 14:54 | Create | Villager (Male) |
| 15:01 | Age | Castle Age |
| 15:05 | Build | Town Center |
| 15:10 | Research | Bow Saw |
| 15:10 | Research | Bow Saw |
| 15:15 | Create | Villager (Male) |
| 15:50 | Create | Villager (Male) |
| 16:04 | Create | Villager (Male) |
| 16:09 | Build | Farm |
| 16:12 | Build | Farm |
| 16:16 | Build | Farm |
| 16:19 | Create | Villager (Male) |
| 16:20 | Create | Villager (Male) |
| 16:20 | Create | Villager (Male) |
| 16:20 | Create | Villager (Male) |
| 16:25 | Build | Farm |
| 16:28 | Build | Farm |
| 16:33 | Build | Farm |
| 16:46 | Create | Villager (Male) |
| 17:16 | Build | Town Center |
| 17:20 | Create | Villager (Male) |
| 17:20 | Create | Villager (Male) |
| 17:28 | Build | Farm |
| 17:30 | Build | Farm |
| 17:35 | Create | Villager (Male) |
| 17:36 | Create | Villager (Male) |
| 17:39 | Build | Farm |
| 17:55 | Build | Farm |
| 17:58 | Create | Villager (Male) |
| 17:59 | Create | Villager (Male) |
| 18:03 | Build | Farm |
| 18:08 | Build | Farm |
| 18:21 | Create | Villager (Male) |
| 18:32 | Build | Farm |
| 18:36 | Build | House |
| 18:37 | Build | House |
| 18:39 | Create | Villager (Male) |
| 18:57 | Create | Villager (Male) |
| 19:05 | Build | Town Center |
| 19:15 | Create | Villager (Male) |
| 19:15 | Create | Villager (Male) |
| 19:16 | Create | Villager (Male) |
| 19:19 | Build | Farm |
| 19:26 | Create | Villager (Male) |
| 19:35 | Build | Farm |
| 19:37 | Build | Farm |
| 19:39 | Create | Villager (Male) |
| 19:39 | Create | Villager (Male) |
| 19:39 | Create | Villager (Male) |
| 19:50 | Build | Farm |
| 19:59 | Build | Farm |
| 20:08 | Build | House |
| 20:12 | Create | Villager (Male) |
| 20:13 | Create | Villager (Male) |
| 20:13 | Create | Villager (Male) |
| 20:17 | Build | Farm |
| 20:31 | Create | Villager (Male) |
| 20:31 | Create | Villager (Male) |
| 20:33 | Create | Villager (Male) |
| 20:33 | Create | Villager (Male) |
| 20:34 | Create | Villager (Male) |
| 20:34 | Create | Villager (Male) |
| 20:34 | Create | Villager (Male) |
| 20:35 | Create | Villager (Male) |
| 20:35 | Create | Villager (Male) |
| 20:38 | Build | Farm |
| 20:40 | Build | Farm |
| 20:57 | Build | Farm |
| 21:02 | Build | House |
| 21:02 | Build | House |
| 21:02 | Build | House |
| 21:02 | Build | House |
| 21:02 | Build | House |
| 21:02 | Build | House |
| 21:03 | Build | House |
| 21:04 | Build | House |
| 21:10 | Create | Villager (Male) |
| 21:16 | Create | Villager (Male) |
| 21:16 | Create | Villager (Male) |
| 21:35 | Create | Villager (Male) |
| 21:35 | Create | Villager (Male) |
| 21:36 | Create | Villager (Male) |
| 21:38 | Build | Farm |
| 21:39 | Build | Farm |
| 21:39 | Build | Farm |
Build order — LMG_SON SABANDIJAS
First 150 of 200 actions detected
| 0:00 | Create | Villager (Male) |
| 0:01 | Create | Villager (Male) |
| 0:02 | Build | House |
| 0:04 | Build | House |
| 0:04 | Create | Villager (Male) |
| 0:12 | Create | Villager (Male) |
| 0:13 | Create | Villager (Male) |
| 1:18 | Create | Villager (Male) |
| 1:18 | Create | Villager (Male) |
| 1:46 | Build | Lumber Camp |
| 1:56 | Create | Villager (Male) |
| 1:56 | Create | Villager (Male) |
| 2:10 | Create | Villager (Male) |
| 2:11 | Create | Villager (Male) |
| 2:33 | Create | Villager (Male) |
| 3:14 | Create | Villager (Male) |
| 3:14 | Create | Villager (Male) |
| 3:21 | Create | Villager (Male) |
| 3:29 | Build | House |
| 3:55 | Build | Mill |
| 4:12 | Build | House |
| 4:26 | Create | Villager (Male) |
| 4:26 | Create | Villager (Male) |
| 4:27 | Create | Villager (Male) |
| 4:37 | Create | Villager (Male) |
| 4:37 | Create | Villager (Male) |
| 4:41 | Build | House |
| 5:10 | Create | Villager (Male) |
| 5:11 | Create | Villager (Male) |
| 5:23 | Build | House |
| 5:26 | Create | Villager (Male) |
| 5:26 | Create | Villager (Male) |
| 5:50 | Create | Villager (Male) |
| 5:50 | Create | Villager (Male) |
| 5:59 | Create | Villager (Male) |
| 6:00 | Create | Villager (Male) |
| 6:10 | Build | Lumber Camp |
| 6:17 | Create | Villager (Male) |
| 6:27 | Create | Villager (Male) |
| 6:28 | Create | Villager (Male) |
| 7:11 | Create | Villager (Male) |
| 7:12 | Create | Villager (Male) |
| 7:52 | Build | Mining Camp |
| 7:55 | Create | Villager (Male) |
| 8:19 | Create | Villager (Male) |
| 8:23 | Build | Farm |
| 8:32 | Build | Farm |
| 8:39 | Build | Farm |
| 8:45 | Build | Farm |
| 8:46 | Create | Villager (Male) |
| 9:04 | Create | Villager (Male) |
| 9:30 | Build | Farm |
| 9:55 | Build | Farm |
| 10:15 | Research | Feudal Age |
| 10:55 | Create | Villager (Male) |
| 10:55 | Create | Villager (Male) |
| 10:56 | Create | Villager (Male) |
| 11:21 | Create | Villager (Male) |
| 11:21 | Create | Villager (Male) |
| 12:26 | Age | Feudal Age |
| 12:29 | Build | Market |
| 12:32 | Build | Blacksmith |
| 12:39 | Research | Horse Collar |
| 12:40 | Research | Double-Bit Axe |
| 13:19 | Build | Farm |
| 13:40 | Research | Castle Age |
| 13:45 | Build | Farm |
| 13:48 | Build | Farm |
| 14:07 | Build | Farm |
| 14:14 | Build | House |
| 15:06 | Build | Farm |
| 15:13 | Create | Villager (Male) |
| 15:13 | Create | Villager (Male) |
| 15:13 | Create | Villager (Male) |
| 16:21 | Age | Castle Age |
| 16:32 | Build | Siege Workshop |
| 16:43 | Build | Monastery |
| 17:03 | Create | Villager (Male) |
| 17:11 | Build | House |
| 17:41 | Build | Barracks |
| 18:01 | Research | Imperial Age |
| 18:29 | Build | Farm |
| 18:45 | Create | Villager (Male) |
| 18:45 | Create | Villager (Male) |
| 18:54 | Build | Archery Range |
| 19:10 | Build | Archery Range |
| 19:25 | Research | Padded Archer Armor |
| 19:34 | Build | House |
| 19:43 | Create | Monk |
| 20:12 | Build | House |
| 20:13 | Build | House |
| 20:21 | Research | Gold Mining |
| 20:23 | Create | Villager (Male) |
| 21:11 | Age | Imperial Age |
| 21:13 | Create | Hand Cannoneer |
| 21:14 | Create | Hand Cannoneer |
| 21:14 | Create | Hand Cannoneer |
| 21:15 | Create | Bombard Cannon |
| 21:16 | Create | Bombard Cannon |
| 21:16 | Create | Bombard Cannon |
| 21:37 | Create | Hand Cannoneer |
| 21:37 | Create | Hand Cannoneer |
| 21:37 | Create | Hand Cannoneer |
| 21:48 | Create | Bombard Cannon |
| 21:52 | Build | House |
| 21:54 | Create | Villager (Male) |
| 22:06 | Build | House |
| 22:18 | Create | Hand Cannoneer |
| 22:24 | Build | House |
| 22:25 | Create | Hand Cannoneer |
| 22:34 | Create | Villager (Male) |
| 22:35 | Create | Villager (Male) |
| 22:35 | Create | Villager (Male) |
| 22:37 | Build | Farm |
| 22:39 | Build | Farm |
| 22:44 | Create | Hand Cannoneer |
| 22:44 | Create | Hand Cannoneer |
| 22:56 | Create | Villager (Male) |
| 23:04 | Create | Hand Cannoneer |
| 23:04 | Create | Hand Cannoneer |
| 23:10 | Build | House |
| 23:20 | Build | House |
| 23:24 | Create | Hand Cannoneer |
| 23:25 | Create | Hand Cannoneer |
| 23:33 | Create | Villager (Male) |
| 23:33 | Create | Villager (Male) |
| 23:50 | Create | Bombard Cannon |
| 23:50 | Create | Bombard Cannon |
| 24:10 | Create | Hand Cannoneer |
| 24:10 | Create | Hand Cannoneer |
| 24:13 | Create | Villager (Male) |
| 24:22 | Build | House |
| 24:24 | Create | Bombard Cannon |
| 24:24 | Create | Bombard Cannon |
| 24:58 | Create | Hand Cannoneer |
| 24:58 | Create | Hand Cannoneer |
| 25:21 | Create | Bombard Cannon |
| 25:26 | Create | Hand Cannoneer |
| 25:26 | Create | Hand Cannoneer |
| 25:41 | Create | Hand Cannoneer |
| 25:41 | Create | Hand Cannoneer |
| 25:52 | Create | Hand Cannoneer |
| 25:52 | Create | Hand Cannoneer |
| 26:13 | Create | Hand Cannoneer |
| 26:13 | Create | Hand Cannoneer |
| 26:14 | Create | Hand Cannoneer |
| 26:19 | Create | Hand Cannoneer |
| 26:19 | Create | Hand Cannoneer |
| 26:25 | Create | Villager (Male) |
| 26:25 | Create | Villager (Male) |
Build order — xPaaco15|
First 150 of 180 actions detected
| 0:02 | Build | House |
| 0:04 | Build | House |
| 0:04 | Create | Villager (Male) |
| 0:05 | Create | Villager (Male) |
| 0:05 | Create | Villager (Male) |
| 0:05 | Create | Villager (Male) |
| 1:27 | Create | Villager (Male) |
| 2:00 | Build | Lumber Camp |
| 2:06 | Create | Villager (Male) |
| 2:31 | Create | Villager (Male) |
| 2:31 | Create | Villager (Male) |
| 2:48 | Create | Villager (Male) |
| 3:21 | Create | Villager (Male) |
| 3:30 | Build | House |
| 3:43 | Create | Villager (Male) |
| 3:58 | Build | Mill |
| 4:14 | Create | Villager (Male) |
| 4:50 | Create | Villager (Male) |
| 4:52 | Create | Villager (Male) |
| 4:53 | Create | Villager (Male) |
| 5:24 | Create | Villager (Male) |
| 5:28 | Create | Villager (Male) |
| 5:44 | Build | House |
| 5:46 | Build | House |
| 6:21 | Build | Lumber Camp |
| 6:22 | Create | Villager (Male) |
| 6:23 | Create | Villager (Male) |
| 7:28 | Build | Mining Camp |
| 8:16 | Research | Feudal Age |
| 8:21 | Create | Villager (Male) |
| 8:21 | Create | Villager (Male) |
| 8:22 | Create | Villager (Male) |
| 8:51 | Create | Villager (Male) |
| 8:51 | Create | Villager (Male) |
| 9:10 | Research | Feudal Age |
| 9:15 | Build | Mining Camp |
| 10:18 | Build | Farm |
| 10:22 | Build | Farm |
| 12:36 | Age | Feudal Age |
| 12:41 | Build | Market |
| 12:45 | Build | Blacksmith |
| 13:35 | Research | Castle Age |
| 14:04 | Build | Barracks |
| 14:09 | Build | House |
| 14:10 | Build | House |
| 14:11 | Build | House |
| 14:20 | Build | Farm |
| 14:20 | Build | Farm |
| 14:21 | Build | Farm |
| 14:21 | Build | Farm |
| 14:27 | Research | Double-Bit Axe |
| 15:15 | Build | House |
| 15:16 | Build | House |
| 16:00 | Research | Horse Collar |
| 16:15 | Age | Castle Age |
| 16:21 | Build | Town Center |
| 16:28 | Create | Villager (Male) |
| 16:28 | Create | Villager (Male) |
| 16:28 | Create | Villager (Male) |
| 16:52 | Build | Town Center |
| 16:57 | Create | Villager (Male) |
| 16:57 | Create | Villager (Male) |
| 16:57 | Create | Villager (Male) |
| 17:04 | Build | House |
| 17:05 | Build | House |
| 17:06 | Build | House |
| 17:52 | Build | Farm |
| 17:52 | Build | Farm |
| 17:53 | Build | Farm |
| 17:54 | Build | Farm |
| 18:09 | Build | Farm |
| 18:13 | Create | Villager (Male) |
| 18:13 | Create | Villager (Male) |
| 18:14 | Create | Villager (Male) |
| 18:14 | Create | Villager (Male) |
| 18:14 | Create | Villager (Male) |
| 18:23 | Build | Farm |
| 18:46 | Build | Castle |
| 19:10 | Create | Villager (Male) |
| 19:10 | Create | Villager (Male) |
| 19:11 | Create | Villager (Male) |
| 19:14 | Build | Farm |
| 19:14 | Build | Farm |
| 19:58 | Create | Villager (Male) |
| 19:58 | Create | Villager (Male) |
| 19:59 | Create | Villager (Male) |
| 19:59 | Create | Villager (Male) |
| 20:04 | Build | Farm |
| 20:04 | Build | Farm |
| 20:05 | Build | Farm |
| 20:32 | Create | Villager (Male) |
| 20:32 | Create | Villager (Male) |
| 20:33 | Create | Villager (Male) |
| 20:33 | Create | Villager (Male) |
| 20:33 | Create | Villager (Male) |
| 20:57 | Create | Villager (Male) |
| 20:58 | Create | Villager (Male) |
| 21:01 | Research | Tech 455 |
| 21:31 | Build | House |
| 21:32 | Build | House |
| 21:33 | Build | House |
| 21:56 | Research | Pikeman (upgrade) |
| 21:56 | Research | Squires |
| 22:01 | Create | Villager (Male) |
| 22:01 | Create | Villager (Male) |
| 22:01 | Create | Villager (Male) |
| 22:19 | Build | Farm |
| 22:19 | Build | Farm |
| 22:20 | Build | Farm |
| 22:21 | Build | Farm |
| 22:21 | Build | Farm |
| 22:37 | Create | Villager (Male) |
| 22:37 | Create | Villager (Male) |
| 22:37 | Create | Villager (Male) |
| 22:37 | Create | Villager (Male) |
| 22:51 | Build | Barracks |
| 23:00 | Research | Stone Mining |
| 23:04 | Create | Villager (Male) |
| 23:30 | Build | Castle |
| 23:35 | Build | House |
| 23:39 | Build | House |
| 24:05 | Create | Boyar |
| 24:06 | Create | Boyar |
| 24:06 | Create | Boyar |
| 24:21 | Create | Spearman |
| 24:22 | Create | Spearman |
| 24:22 | Create | Spearman |
| 24:22 | Create | Spearman |
| 24:22 | Create | Spearman |
| 24:22 | Create | Spearman |
| 24:23 | Create | Spearman |
| 24:23 | Create | Spearman |
| 24:23 | Create | Spearman |
| 24:41 | Create | Villager (Male) |
| 24:42 | Create | Villager (Male) |
| 24:42 | Create | Villager (Male) |
| 24:42 | Create | Villager (Male) |
| 24:48 | Build | Farm |
| 24:49 | Build | Farm |
| 24:49 | Build | Farm |
| 24:50 | Build | Farm |
| 24:50 | Build | Farm |
| 24:51 | Build | Farm |
| 24:52 | Build | Farm |
| 25:16 | Create | Spearman |
| 25:16 | Create | Spearman |
| 25:16 | Create | Spearman |
| 25:17 | Create | Spearman |
| 25:17 | Create | Spearman |
| 25:17 | Create | Spearman |
Build order — LMG_HERA DE TEMU
First 150 of 225 actions detected
| 0:02 | Create | Villager (Male) |
| 0:02 | Create | Villager (Male) |
| 0:02 | Create | Villager (Male) |
| 0:03 | Create | Villager (Male) |
| 0:03 | Create | Villager (Male) |
| 0:04 | Build | House |
| 0:06 | Build | House |
| 1:48 | Create | Villager (Male) |
| 1:48 | Create | Villager (Male) |
| 1:59 | Build | Lumber Camp |
| 2:06 | Create | Villager (Male) |
| 2:06 | Create | Villager (Male) |
| 2:06 | Create | Villager (Male) |
| 2:07 | Create | Villager (Male) |
| 2:29 | Create | Villager (Male) |
| 2:29 | Create | Villager (Male) |
| 3:06 | Create | Villager (Male) |
| 3:06 | Create | Villager (Male) |
| 3:07 | Create | Villager (Male) |
| 3:34 | Build | House |
| 3:37 | Build | House |
| 3:38 | Build | House |
| 3:46 | Create | Villager (Male) |
| 3:46 | Create | Villager (Male) |
| 3:46 | Create | Villager (Male) |
| 4:37 | Create | Villager (Male) |
| 4:37 | Create | Villager (Male) |
| 4:42 | Build | Mill |
| 5:03 | Create | Villager (Male) |
| 5:03 | Create | Villager (Male) |
| 5:37 | Create | Villager (Male) |
| 5:38 | Create | Villager (Male) |
| 6:32 | Create | Villager (Male) |
| 6:33 | Create | Villager (Male) |
| 6:58 | Build | Farm |
| 6:59 | Build | Farm |
| 7:00 | Build | Farm |
| 7:25 | Build | Farm |
| 7:32 | Create | Villager (Male) |
| 7:32 | Create | Villager (Male) |
| 7:32 | Create | Villager (Male) |
| 8:32 | Build | Farm |
| 8:36 | Build | Mining Camp |
| 8:42 | Research | Feudal Age |
| 9:38 | Create | Villager (Male) |
| 9:39 | Create | Villager (Male) |
| 11:03 | Age | Feudal Age |
| 11:09 | Build | Market |
| 11:13 | Build | Blacksmith |
| 12:18 | Research | Castle Age |
| 12:24 | Build | Barracks |
| 13:01 | Build | House |
| 13:02 | Build | House |
| 13:08 | Research | Double-Bit Axe |
| 13:22 | Build | House |
| 14:14 | Build | Stable |
| 14:33 | Create | Villager (Male) |
| 14:33 | Create | Villager (Male) |
| 14:58 | Age | Castle Age |
| 14:59 | Research | Scale Barding Armor |
| 15:04 | Build | Monastery |
| 15:08 | Research | Cavalier (upgrade) |
| 15:15 | Create | Villager (Male) |
| 15:16 | Create | Villager (Male) |
| 15:36 | Research | Bow Saw |
| 15:43 | Create | Villager (Male) |
| 15:43 | Create | Villager (Male) |
| 15:48 | Build | Farm |
| 15:50 | Create | Monk |
| 16:16 | Create | Villager (Male) |
| 16:16 | Create | Villager (Male) |
| 16:17 | Create | Villager (Male) |
| 16:33 | Create | Villager (Male) |
| 16:33 | Create | Villager (Male) |
| 16:40 | Create | Monk |
| 16:51 | Create | Spearman |
| 16:51 | Create | Spearman |
| 16:51 | Create | Spearman |
| 17:01 | Build | Farm |
| 17:02 | Build | Farm |
| 17:03 | Build | Farm |
| 17:13 | Build | Farm |
| 17:19 | Build | Farm |
| 17:25 | Build | Farm |
| 17:32 | Build | House |
| 17:33 | Build | House |
| 17:35 | Build | House |
| 18:28 | Create | Monk |
| 18:39 | Create | Villager (Male) |
| 18:39 | Create | Villager (Male) |
| 18:39 | Create | Villager (Male) |
| 18:41 | Build | Farm |
| 18:42 | Build | Farm |
| 18:44 | Build | Farm |
| 18:51 | Build | Farm |
| 18:51 | Build | Farm |
| 19:37 | Create | Knight |
| 19:38 | Create | Knight |
| 19:38 | Create | Knight |
| 19:56 | Create | Monk |
| 20:04 | Build | Town Center |
| 20:11 | Research | Forging |
| 20:15 | Research | Loom |
| 20:40 | Research | Sanctity |
| 20:51 | Create | Knight |
| 20:52 | Create | Knight |
| 20:57 | Build | Farm |
| 20:58 | Build | Farm |
| 20:58 | Build | Farm |
| 20:58 | Build | Farm |
| 20:59 | Build | Farm |
| 20:59 | Build | Farm |
| 21:02 | Create | Villager (Male) |
| 21:02 | Create | Villager (Male) |
| 21:03 | Create | Villager (Male) |
| 21:03 | Create | Villager (Male) |
| 21:07 | Research | Horse Collar |
| 21:17 | Create | Villager (Male) |
| 21:17 | Create | Villager (Male) |
| 21:24 | Create | Knight |
| 21:24 | Create | Knight |
| 21:50 | Research | Husbandry |
| 22:33 | Create | Knight |
| 22:33 | Create | Knight |
| 22:33 | Create | Knight |
| 22:33 | Create | Knight |
| 22:42 | Create | Villager (Male) |
| 22:42 | Create | Villager (Male) |
| 22:42 | Create | Villager (Male) |
| 22:51 | Build | Mining Camp |
| 22:55 | Create | Villager (Male) |
| 22:55 | Create | Villager (Male) |
| 22:55 | Create | Villager (Male) |
| 22:55 | Create | Villager (Male) |
| 23:33 | Build | Stable |
| 23:35 | Create | Scout Cavalry |
| 23:36 | Create | Scout Cavalry |
| 23:36 | Create | Scout Cavalry |
| 23:36 | Create | Scout Cavalry |
| 23:36 | Create | Scout Cavalry |
| 23:49 | Research | Chain Barding Armor |
| 24:00 | Create | Villager (Male) |
| 24:03 | Create | Villager (Male) |
| 24:03 | Create | Villager (Male) |
| 24:03 | Create | Villager (Male) |
| 24:04 | Create | Villager (Male) |
| 24:04 | Create | Villager (Male) |
| 24:07 | Build | House |
| 24:34 | Build | House |
| 24:34 | Build | House |
Match timeline
| 10:22 | LMG_Leonardo · age_up feudal |
| 10:57 | El Cacas Vengador · age_up feudal |
| 11:03 | LMG_HERA DE TEMU · age_up feudal |
| 11:04 | FERGA LARGA · age_up feudal |
| 12:21 | FERGA LARGA · first_market_sell 100 food |
| 12:24 | LMG_HERA DE TEMU · first_building Barracks |
| 12:26 | LMG_SON SABANDIJAS · age_up feudal |
| 12:36 | xPaaco15| · age_up feudal |
| 13:52 | LMG_Leonardo · first_market_buy 100 food |
| 14:04 | xPaaco15| · first_building Barracks |
| 14:11 | El Cacas Vengador · first_market_buy 100 food |
| 14:14 | LMG_HERA DE TEMU · first_building Stable |
| 14:17 | LMG_Leonardo · age_up castle |
| 14:20 | LMG_Leonardo · first_building Castle |
| 14:37 | LMG_Leonardo · first_building Monastery |
| 14:40 | El Cacas Vengador · age_up castle |
| 14:58 | LMG_HERA DE TEMU · age_up castle |
| 15:01 | FERGA LARGA · age_up castle |
| 15:04 | LMG_HERA DE TEMU · first_building Monastery |
| 15:07 | El Cacas Vengador · first_building Castle |
| 15:19 | El Cacas Vengador · first_building Monastery |
| 16:08 | LMG_SON SABANDIJAS · first_market_buy 100 food |
| 16:15 | xPaaco15| · age_up castle |
| 16:21 | LMG_SON SABANDIJAS · age_up castle |
| 16:32 | LMG_SON SABANDIJAS · first_building Siege Workshop |
| 16:43 | xPaaco15| · first_market_buy 100 wood |
| 16:43 | LMG_SON SABANDIJAS · first_building Monastery |
| 16:57 | LMG_SON SABANDIJAS · first_market_sell 100 stone |
| 17:41 | LMG_SON SABANDIJAS · first_building Barracks |
| 18:16 | FERGA LARGA · first_market_buy 100 stone |
| 18:37 | LMG_Leonardo · first_building Barracks |
| 18:46 | xPaaco15| · first_building Castle |
| 18:54 | LMG_SON SABANDIJAS · first_building Archery Range |
| 20:55 | LMG_Leonardo · first_building Stable |
| 21:11 | LMG_SON SABANDIJAS · age_up imperial |
| 21:22 | El Cacas Vengador · first_market_sell 100 wood |
| 22:06 | FERGA LARGA · first_building Barracks |
| 23:21 | FERGA LARGA · first_building Archery Range |
| 23:57 | LMG_HERA DE TEMU · tribute_sent a jugador 1 |
| 23:57 | LMG_HERA DE TEMU · tribute_sent a jugador 2 |
| 23:57 | LMG_HERA DE TEMU · tribute_sent a jugador 3 |
| 23:57 | LMG_HERA DE TEMU · tribute_sent a jugador 4 |
| 23:58 | LMG_HERA DE TEMU · tribute_sent a jugador 5 |
| 27:04 | El Cacas Vengador · age_up imperial |
| 28:42 | El Cacas Vengador · first_building Barracks |
| 29:14 | FERGA LARGA · first_building Castle |
| 30:21 | xPaaco15| · resign |
[ AI ANALYSIS · 1 CREDIT ]
What really happened in this match?
Wolo.gg analyzes every decision: build order, eco, micro, common mistakes by bracket. Personalized analysis on WhatsApp or Discord in 30 seconds.
Civ guide
Magyars
Perfil
Jugador #12009975